 Dungeon Crawl Stone Soup version 0.30-a0-782-ge64f9170bb (webtiles) character file.

Game seed: 2936359646201806162

121 epen the Covert (level 5, -6/37 HPs)
             Began as a Gnoll Wanderer on Feb 22, 2023.
             Mangled by a gnoll
             ... wielding a +0 flail
              (12 damage)
             ... on level 3 of the Dungeon.
             The game lasted 00:02:33 (2000 turns).

epen the Covert (Gnoll Wanderer)                    Turns: 2000, Time: 00:02:33

Health: -6/37      AC:  2    Str:  9    XL:     5   Next: 5%
Magic:  9/9        EV: 12    Int: 10    God:
Gold:   74         SH:  0    Dex: 17    Spells: 9/10 levels left

rFire   . . .      SeeInvis .    a - +2 dagger
rCold   . . .      Faith    .    (no shield)
rNeg    . . .      Spirit   .    e - +0 robe
rPois   .          Reflect  .    (helmet currently unavailable)
rElec   .          Harm     .    (no cloak)
rCorr   .          Rampage  .    (no gloves)
Will    .....                    (boots currently unavailable)
Stlth   ++++                     (no amulet)
HPRegen 0.26/turn                v - ring of wizardry
MPRegen 0.11/turn                (no ring)

@: appendages (expiring)
A: horns 2, talons 2, fangs 1, strong nose, distributed training
a: End Transformation


You were on level 3 of the Dungeon.
You had temporarily grown beastly horns and talons.
You visited 1 branch of the dungeon, and saw 3 of its levels.

You collected 74 gold pieces.

Inventory:

Hand Weapons
 a - a +2 dagger (weapon)
Missiles
 b - a curare-tipped dart (quivered)
Armour
 c - a +0 helmet
 e - a +0 robe (worn)
 o - a +0 helmet (melded)
Jewellery
 v - a ring of wizardry (left hand)
Scrolls
 d - a scroll of blinking
 f - a scroll of fog {unknown}
 h - 4 scrolls of identify {unknown}
 i - 3 scrolls of noise {unknown}
 l - 2 scrolls of enchant weapon {unknown}
 q - 3 scrolls of enchant armour {unknown}
 t - 3 scrolls of teleportation {unknown}
 w - a scroll of summoning {unknown}
Potions
 j - a potion of might {unknown}
 k - 3 potions of heal wounds {unknown}
 m - a potion of flight {unknown}
 n - a potion of mutation {unknown}
 p - a potion of magic {unknown}
 r - a potion of curing {unknown}
 s - a potion of ambrosia {unknown}
 u - a potion of haste {unknown}


   Skills:
 + Level 1.4 Fighting
 + Level 1.4 Short Blades
 + Level 1.4 Long Blades
 + Level 1.4 Axes
 + Level 1.4 Maces & Flails
 + Level 1.4 Polearms
 + Level 1.4 Staves
 + Level 1.4 Ranged Weapons
 + Level 4.7 Throwing
 + Level 1.4 Armour
 + Level 1.4 Dodging
 + Level 9.6 Stealth
 + Level 1.4 Shields
 + Level 1.4 Unarmed Combat
 + Level 3.1 Spellcasting
 + Level 1.1 Conjurations
 + Level 1.1 Hexes
 + Level 1.1 Summonings
 + Level 1.1 Necromancy
 + Level 1.1 Translocations
 + Level 2.3 Transmutations
 + Level 1.1 Fire Magic
 + Level 1.1 Ice Magic
 + Level 1.1 Air Magic
 + Level 1.1 Earth Magic
 + Level 1.1 Poison Magic
 + Level 1.5 Invocations
 + Level 2.9 Evocations


You had 9 spell levels left.
You knew the following spells:

 Your Spells              Type           Power      Damage    Failure   Level
a - Beastly Appendage     Tmut           12%        N/A       4%          1

Your spell library contained the following spells:

 Spells                   Type           Power      Damage    Failure   Level
 Spider Form              Tmut/Pois      5%         N/A       16%         3
 Ignite Poison            Fire/Tmut/Pois 4%         N/A       17%         3
 Kindle Blastsparks       Fire/Tloc/Air  6%         2d10      21%         3
 Freezing Cloud           Conj/Ice/Air   1%         6-21      86%         5


Dungeon Overview and Level Annotations

Branches:
Dungeon (3/15)

Altars:
The Shining One


Innate Abilities, Weirdness & Mutations

You have temporarily grown beastly horns and talons.
You have very sharp teeth.
Your uncanny sense of smell can sniff out nearby items.
Your experience applies equally to all skills.


Message History

You grow a pair of large bovine horns.
Your feet morph into talons.
Your +0 helmet melds into your body.
The gnoll hits you with a +0 flail.
You hit the gnoll. You claw the gnoll, but do no damage.
The gnoll is lightly wounded.
The gnoll hits you with a +0 flail.
You hit the gnoll but do no damage. Your kick misses the gnoll.
Your bite misses the gnoll.
The gnoll is lightly wounded.
The gnoll hits you with a +0 flail.
You hit the gnoll but do no damage. You bite the gnoll.
The gnoll is lightly wounded.
The gnoll hits you with a +0 flail.
You are too injured to fight recklessly!
You are too injured to fight recklessly!
You are too injured to fight recklessly!
You are too injured to fight recklessly!
You closely miss the gnoll. You bite the gnoll, but do no damage.
The gnoll is lightly wounded.
The gnoll completely misses you.
You hit the gnoll but do no damage. Your kick misses the gnoll.
The gnoll is lightly wounded.
The gnoll hits you with a +0 flail!
* * * LOW HITPOINT WARNING * * *
You barely miss the gnoll. You claw the gnoll, but do no damage.
Your headbutt misses the gnoll.
The gnoll is lightly wounded.
The gnoll hits you with a +0 flail.
* * * LOW HITPOINT WARNING * * *
You hit the gnoll.
The gnoll is heavily wounded.
The gnoll closely misses you.
You hit the gnoll but do no damage. You claw the gnoll, but do no damage.
Your headbutt misses the gnoll. You bite the gnoll, but do no damage.
The gnoll is heavily wounded.
You hit the gnoll but do no damage. You claw the gnoll, but do no damage.
You bite the gnoll, but do no damage.
The gnoll is heavily wounded.
Your transformation is almost over.
The gnoll hits you with a +0 flail!
You die...

###.#.# ###.# #.# ####
>...#.. ....# ... ....
###.#.##.##.. ... ....
............# #.##... .
#####........ .....##..
#..#.##.####........
#..#.##.##.#g.......
#####....##.##.#@.$.....
#.......................
........................
######......###########.
########


You could see a gnoll.

Vanquished Creatures
  An orc priest (D:3)
  An orc wizard (D:3)
  An adder (D:2)
  A gnoll (D:3)
  3 orcs (D:3)
  3 bats
  5 endoplasms
  3 giant cockroaches
  A goblin (D:3)
  2 hobgoblins (D:2)
  7 kobolds
  7 ball pythons
  5 frilled lizards
  8 rats
48 creatures vanquished.

Notes
Turn   | Place    | Note
-------+----------+-------------------------------------------
     0 | D:1      | Reached skill level 9 in Stealth
     0 | D:1      | epen the Gnoll Wanderer began the quest for the Orb.
     0 | D:1      | epen set off with the following items: a +2 dagger, a
                  | curare-tipped dart, a +0 helmet, a scroll of blinking, a +0
                  | robe; and the following spell memorised: Beastly Appendage;
                  | and the following spells available to memorise: Spider
                  | Form.
     0 | D:1      | Reached XP level 1. HP: 13/13 MP: 4/4
   111 | D:1      | Reached XP level 2. HP: 19/19 MP: 5/5
   742 | D:1      | Found a faded altar of an unknown god.
  1071 | D:2      | Reached XP level 3. HP: 17/25 MP: 5/7
  1129 | D:2      | Reached skill level 1 in Invocations
  1286 | D:2      | Reached skill level 1 in Fighting
  1286 | D:2      | Reached skill level 1 in Short Blades
  1286 | D:2      | Reached skill level 1 in Long Blades
  1286 | D:2      | Reached skill level 1 in Axes
  1286 | D:2      | Reached skill level 1 in Maces & Flails
  1286 | D:2      | Reached skill level 1 in Polearms
  1286 | D:2      | Reached skill level 1 in Staves
  1286 | D:2      | Reached skill level 1 in Ranged Weapons
  1286 | D:2      | Reached skill level 1 in Armour
  1286 | D:2      | Reached skill level 1 in Dodging
  1286 | D:2      | Reached skill level 1 in Shields
  1286 | D:2      | Reached skill level 1 in Unarmed Combat
  1504 | D:3      | Found a glowing golden altar of the Shining One.
  1615 | D:3      | Reached XP level 4. HP: 32/32 MP: 6/8
  1670 | D:3      | Reached skill level 1 in Conjurations
  1670 | D:3      | Reached skill level 1 in Hexes
  1670 | D:3      | Reached skill level 1 in Summonings
  1670 | D:3      | Reached skill level 1 in Necromancy
  1670 | D:3      | Reached skill level 1 in Translocations
  1670 | D:3      | Reached skill level 1 in Fire Magic
  1670 | D:3      | Reached skill level 1 in Ice Magic
  1670 | D:3      | Reached skill level 1 in Air Magic
  1670 | D:3      | Reached skill level 1 in Earth Magic
  1670 | D:3      | Reached skill level 1 in Poison Magic
  1691 | D:3      | Reached XP level 5. HP: 8/37 MP: 9/9
  2000 | D:3      | Mangled by a gnoll

Illustrated notes

Levels and vault maps discovered:
D:1:      dpeg_arrival_rhombus, layout_loops_corners,
          hellmonk_ecumenical_altar_crossroads, minmay_misc_feat_chi
D:2:      layout_basic, minmay_tetromino_i2
D:3:      kb_forest_paths, layout_basic, tso_metal_star, pf_just_have_faith

Skill      XL: |  1  2  3  4 |
---------------+-------------+-----
Stealth        | |  9.6
Transmutations | 2 |  2.3
Invocations    | 1 |  1.5
Fighting       | 1 |  1.4
Short Blades   | 1 |  1.4
Long Blades    | 1 |  1.4
Axes           | 1 |  1.4
Maces & Flails | 1 |  1.4
Polearms       | 1 |  1.4
Staves         | 1 |  1.4
Ranged Weapons | 1 |  1.4
Armour         | 1 |  1.4
Dodging        | 1 |  1.4
Shields        | 1 |  1.4
Unarmed Combat | 1 |  1.4
Spellcasting   | 3 |  3.1
Conjurations   | 1 |  1.1
Hexes          | 1 |  1.1
Summonings     | 1 |  1.1
Necromancy     | 1 |  1.1
Translocations | 1 |  1.1
Fire Magic     | 1 |  1.1
Ice Magic      | 1 |  1.1
Air Magic      | 1 |  1.1
Earth Magic    | 1 |  1.1
Poison Magic   | 1 |  1.1
Throwing       | |  4.7
Evocations     | |  2.9

Action                     |  1- 3 |  4- 6 || total
---------------------------+-------+-------++-------
  Melee: Dagger            |   106 |    29 ||   135
         Kick              |    14 |     4 ||    18
         Headbutt          |     6 |     1 ||     7
         Bite              |     5 |     5 ||    10
         Unarmed           |       |     7 ||     7
   Cast: Beastly Appendage |     8 |     2 ||    10
    Use: Potion            |       |     1 ||     1
   Stab: Sleeping          |    12 |       ||    12
 Armour: Robe              |    20 |     2 ||    22
         Skin              |       |     9 ||     9
  Dodge: Dodged            |    58 |    20 ||    78

Table legend: (Time is in decaauts)
 A = Elapsed time spent in this place.
 B = Non-inter-level travel time spent in this place.
 C = Inter-level travel time spent in this place.
 D = Time resting spent in this place.
 E = Time spent auto-exploring this place.
 F = Levels seen in this place.
 G = Mean time per level.
                   A        B        C        D        E       F      G
               +--------+--------+--------+--------+--------+-----+--------+
         Total |   1992 |   1898 |     94 |    238 |   1309 |   3 |  664.0 |
       Dungeon |   1992 |   1898 |     94 |    238 |   1309 |   3 |  664.0 |
               +--------+--------+--------+--------+--------+-----+--------+

Top non-repeatable levels by time:
     D:1: 971 daAuts
     D:3: 524 daAuts
     D:2: 496 daAuts
